 Dungeon Crawl Stone Soup version 0.29-a0-284-gf9362112df (webtiles) character file.

Game seed: 5170199023624423680

135 gzilladon the Chopper (level 5, 0/46 HPs)
             Began as a Hill Orc Monk on Mar 31, 2022.
             Slain by a gnoll sergeant
             ... wielding a +0 spear
              (3 damage)
             ... on level 4 of the Dungeon.
             The game lasted 00:09:56 (3417 turns).

gzilladon the Chopper (Hill Orc Monk)               Turns: 3417, Time: 00:09:57

Health: 0/46       AC:  7    Str: 16    XL:     5   Next: 18%
Magic:  14/14      EV: 10    Int: 10    God:
Gold:   165        SH:  0    Dex: 13    Spells: 4/4 levels left

rFire   . . .      SeeInvis .   a - +0 hand axe
rCold   . . .      Faith    .   (no shield)
rNeg    . . .      Spirit   .   h - +0 scale mail
rPois   .          Reflect  .   (no helmet)
rElec   .          Harm     .   (no cloak)
rCorr   .          Rampage  .   r - +0 pair of gloves
Will    .....                   (no boots)
Stlth   ..........              (no amulet)
HPRegen 0.15/turn               j - ring of magical power
MPRegen 0.14/turn               (no ring)

@: no status effects
A: no striking features
a: no special abilities


You were on level 4 of the Dungeon.
You visited 1 branch of the dungeon, and saw 4 of its levels.

You collected 165 gold pieces.

Inventory:

Hand Weapons
 a - a +0 hand axe (weapon)
Missiles
 g - 113 stones (quivered)
 n - 5 poisoned darts
Armour
 b - a +0 robe
 d - a +0 ring mail
 h - a +0 scale mail (worn)
 r - a +0 pair of gloves (worn)
Magical Staves
 e - a staff of cold
Jewellery
 j - a ring of magical power (left hand)
Scrolls
 i - a scroll of vulnerability {unknown}
 k - a scroll of fear {unknown}
 l - a scroll of teleportation {unknown}
 m - a scroll of brand weapon {unknown}
 p - a scroll of identify {unknown}
 q - a scroll of holy word {unknown}
Potions
 c - a potion of ambrosia
 f - 3 potions of curing {unknown}
 o - a potion of magic {unknown}
 s - a potion of attraction {unknown}
 t - 2 potions of haste {unknown}


   Skills:
 + Level 4.2 Fighting
 * Level 6.4 Axes
 + Level 1.4 Armour
 + Level 2.7 Dodging
 - Level 1.5 Stealth


You had 4 spell levels left.
You didn't know any spells.
Your spell library contained the following spells:

 Spells                   Type           Power      Damage    Failure   Level
 Beastly Appendage        Tmut           0%         N/A       80%         1
 Ensorcelled Hibernation  Hex/Ice        0%         N/A       91%         2
 Passwall                 Tmut/Erth      0%         N/A       91%         2
 Wereblood                Tmut           0%         N/A       91%         2
 Spider Form              Tmut/Pois      0%         N/A       99%         3
 Swiftness                Air            0%         N/A       99%         3


Dungeon Overview and Level Annotations

Branches:
Dungeon (4/15)
 Temple: D:4-7

Altars:

Shops:
D:1 (


Message History

You hit the gnoll but do no damage.
The gnoll is severely wounded.
The gnoll hits you with a +0 halberd.
You completely miss the gnoll.
The gnoll is severely wounded.
The gnoll barely misses you.
You closely miss the gnoll.
The gnoll is severely wounded.
The gnoll closely misses you.
You hit the gnoll but do no damage.
The gnoll is severely wounded.
The gnoll hits you with a +0 halberd.
A gnoll sergeant comes into view. It is wielding a +0 spear.
You closely miss the gnoll.
The gnoll is severely wounded.
The gnoll hits you with a +0 halberd!
You hit the gnoll.
The gnoll is almost dead.
The gnoll closely misses you.
You hit the gnoll.
You kill the gnoll!
You hit the ball python.
The ball python is heavily wounded.
The ball python bites you but does no damage.
The ball python closely misses you.
The gnoll sergeant hits you from afar with a +0 spear!
You barely miss the ball python.
The ball python is heavily wounded.
The ball python closely misses you. The ball python barely misses you.
The gnoll sergeant hits you from afar with a +0 spear!
* * * LOW HITPOINT WARNING * * *
You hit the ball python.
You kill the ball python!
The gnoll sergeant barely misses you.
The gnoll sergeant hits you with a +0 spear!
* * * LOW HITPOINT WARNING * * *
You see here a +0 halberd.
The gnoll sergeant blocks your attack.
The gnoll sergeant hits you with a +0 spear.
You die...

#.# #########.##
...........#
.########..#
#.....##..#
#.###.##..####### #.#
#.##......... #)#
#............ #@#
#####.#.##### #g#
#.#.# .g# #.#.# .###
#.# # ..#########.#
.............# ##.
.########.#####......
## #.# #.# #.. #.#
#.####.!


You could see a gnoll sergeant and a goblin.

Vanquished Creatures
  Jessica (D:2)
  2 gnolls (D:4)
  3 adders
  2 worms (D:3)
  2 dart slugs (D:1)
  5 ball pythons
  4 bats
  5 endoplasms
  3 giant cockroaches
  2 goblins
  5 hobgoblins
  3 jackals (D:1)
  6 kobolds
  A quokka (D:3)
  2 frilled lizards
  5 rats (D:1)
51 creatures vanquished.

Notes
Turn   | Place    | Note
-------+----------+-------------------------------------------
     0 | D:1      | gzilladon the Hill Orc Monk began the quest for the Orb.
     0 | D:1      | Reached XP level 1. HP: 19/19 MP: 1/1
   268 | D:1      | Reached XP level 2. HP: 26/26 MP: 2/2
   478 | D:1      | Found a faded altar of an unknown god.
   531 | D:1      | Found Uhodaud's Weapon Shop.
   698 | D:2      | Reached XP level 3. HP: 33/33 MP: 3/3
   704 | D:2      | Reached skill level 5 in Axes
  1230 | D:2      | Noticed Jessica
  1241 | D:2      | Killed Jessica
  1731 | D:3      | Reached XP level 4. HP: 38/40 MP: 4/4
  1849 | D:3      | Reached skill level 1 in Armour
  3168 | D:4      | Reached skill level 6 in Axes
  3402 | D:4      | Reached XP level 5. HP: 44/46 MP: 5/5
  3416 | D:4      | HP: 2/46 [gnoll sergeant/+0 spear (9)]
  3417 | D:4      | Slain by a gnoll sergeant

Illustrated notes

Levels and vault maps discovered:
D:1:      psy_arrival_dodecagon, layout_rooms, basic_ecumenical_altar,
          serial_shops, nicolae_square_shop
D:2:      layout_loops_ring, uniq_jessica
D:3:      layout_basic
D:4:      minmay_chambers_of_twos, layout_loops_ring,
          minmay_temple_entry_glassed_door, hangedman_decor_growths

Skill      XL: |  1  2  3  4 |
---------------+-------------+-----
Axes           | 5 6 |  6.4
Fighting       | 4 |  4.2
Armour         | 1 |  1.4
Dodging        | |  2.7
Stealth        | |  1.5

Action                   |  1- 3 |  4- 6 || total
-------------------------+-------+-------++-------
Melee: Hand axe          |    82 |    94 ||   176
 Stab: Sleeping          |     1 |       ||     1
Armor: Ring mail         |    37 |       ||    37
       Scale mail        |     3 |    27 ||    30
Dodge: Dodged            |    45 |    48 ||    93

Table legend: (Time is in decaauts)
 A = Elapsed time spent in this place.
 B = Non-inter-level travel time spent in this place.
 C = Inter-level travel time spent in this place.
 D = Time resting spent in this place.
 E = Time spent auto-exploring this place.
 F = Levels seen in this place.
 G = Mean time per level.
                   A        B        C        D        E       F      G
               +--------+--------+--------+--------+--------+-----+--------+
         Total |   3421 |   3188 |    233 |    953 |      0 |   4 |  855.2 |
       Dungeon |   3421 |   3188 |    233 |    953 |      0 |   4 |  855.2 |
               +--------+--------+--------+--------+--------+-----+--------+

Top non-repeatable levels by time:
     D:3: 1435 daAuts
     D:2: 1053 daAuts
     D:1: 675 daAuts
     D:4: 257 daAuts
